 Dungeon Crawl Stone Soup version 0.25-a0-478-g33c61bdccf (webtiles) character file.

Game seed: 9386165106955335907, levelgen mode: deterministic

1497 LairdRich the Chopper (level 8, -2/71 HPs)
             Began as a Minotaur Berserker on Feb 8, 2020.
             Was a Priest of Trog.
             Killed from afar by an electric eel (9 damage)
             ... with a bolt of electricity
             ... on level 6 of the Dungeon.
             The game lasted 00:17:11 (5792 turns).

LairdRich the Chopper (Minotaur Berserker)          Turns: 5792, Time: 00:17:11

Health: -2/71      AC: 14    Str: 23    XL:     8   Next: 51%
Magic:  7/7        EV:  6    Int:  8    God:    Trog [***...]
Gold:   326        SH: 15    Dex: 11    Spells: 7/7 levels left

rFire    . . .     SeeInvis .   w - +0 war axe
rCold    . . .     Gourm    .   l - +0 large shield
rNeg     . . .     Faith    .   u - +2 chain mail {MR+}
rPois    .         Spirit   .   (helmet restricted)
rElec    .         Reflect  .   (no cloak)
rCorr    +         Harm     .   (no gloves)
MR       +....                  p - +1 pair of boots
Stlth    ..........             r - amulet of inaccuracy (curse)
HPRegen  0.21/turn              d - +4 ring of intelligence
MPRegen  0.10/turn              D - ring of resist corrosion

@: no status effects
A: retaliatory headbutt, horns 2
a: Berserk, Trog's Hand, Renounce Religion


You were on level 6 of the Dungeon.
You worshipped Trog.
Trog was most pleased with you.
You were not hungry.

You visited 1 branch of the dungeon, and saw 6 of its levels.

You collected 326 gold pieces.

Inventory:

Hand Weapons
 w - a +0 war axe (weapon)
 x - the +9 mace "Lonterim" {flame, rElec MR+ SInv, unknown}
   (You found it on level 6 of the Dungeon)

   It has been specially enchanted to burn those struck by it, causing extra
   injury to most foes and up to half again as much damage against particularly
   susceptible opponents.
   It insulates you from electricity.
   It affects your resistance to hostile enchantments.
   It lets you see invisible.
Missiles
 o - 8 javelins (quivered)
Armour
 l - a +0 large shield (worn)
 p - a +1 pair of boots (worn)
 u - a +2 chain mail of magic resistance (worn)
Jewellery
 d - a +4 ring of intelligence (left hand)
 q - an uncursed ring of flight
 r - a cursed amulet of inaccuracy (around neck)
 D - a ring of resist corrosion (right hand)
Scrolls
 a - a scroll of magic mapping
 f - a scroll of blinking
 g - 7 scrolls of identify
 h - a scroll of teleportation
 j - a scroll of fear
 m - a scroll of enchant weapon
 y - a scroll of enchant armour
Potions
 b - a potion of ambrosia {unknown}
 e - a potion of might {unknown}
 i - a potion of resistance {unknown}
 k - a potion of cancellation {unknown}
 n - a potion of mutation {unknown}
 s - a potion of haste {unknown}
 t - a potion of magic {unknown}
 v - a potion of curing {unknown}
 z - 2 potions of brilliance
 A - a potion of berserk rage {unknown}
 B - 2 potions of lignification {unknown}
 C - a potion of agility {unknown}
Comestibles
 c - 8 rations


   Skills:
 + Level 6.9 Fighting
 + Level 6.9 Axes
 + Level 6.4 Armour
 - Level 5.0 Dodging
 + Level 5.4 Shields


You had 7 spell levels left.
You didn't know any spells.
Your spell library was empty.

Dungeon Overview and Level Annotations

Branches:
Dungeon (6/15)             Temple (0/1) D:4

Altars:
Cheibriados
Fedhas
Gozag
Okawaru
Trog
The Shining One

Annotations:
D:6 3 exclusions


Innate Abilities, Weirdness & Mutations

You reflexively headbutt those who attack you in melee.
You have a pair of horns on your head.


Message History

An orc comes into view.
Your unstable footing causes you to fumble your attack.
The orc hits the plant but does no damage.
The orc hits the plant with a +2 hand axe of flaming.
The orc burns the plant.
The electric eel shoots out a bolt of lightning at you!
The bolt of electricity hits you!
* * * LOW HITPOINT WARNING * * *
The orc splashes around in the water.
The electric eel shoots out a bolt of lightning at you!
The bolt of electricity hits the orc!
The orc dies!
The bolt of electricity hits you.
* * * LOW HITPOINT WARNING * * *
The orc hits the plant with a +2 hand axe of flaming.
The orc burns the plant.
The orc hits the plant but does no damage.
The electric eel shoots out a bolt of lightning at you!
The bolt of electricity hits you!
You die...

.........#..#.♣≈≈≈≈≈≈ ≈≈≈≈
............#.≈♣♣≈≈≈≈≈≈≈≈♣
.####.#.......♣♣≈≈≈≈ ≈≈♣≈≈
. ###.#...#.#.#♣≈P≈ ≈≈P≈
.##...+.....#.#≈♣≈♣♣o≈♣≈♣≈
..÷.#.#...###.##≈P≈;oP≈≈P.
....#.........##.≈≈P♣
....#.###........≈♣≈o≈oo..
#...#...+.......@.♣≈≈♣≈...
#...#.###..........♣♣♣ ...
....#.########.####.... .
##..#..........# .....
##..#.########## ....
###.#.# .... # #.#.# .(.
#...# ###...#


You could see an electric eel and 2 orcs.

Vanquished Creatures
  Sigmund (D:4)
  A phantom (D:6)
  4 ogres
  A centaur (D:6)
  A bullfrog (D:5)
  A scorpion (D:5)
  A howler monkey (D:5)
  A crimson imp (D:5)
  2 hounds
  3 orc wizards (D:5)
  3 orc priests (D:5)
  2 bullfrog skeletons (D:4)
  An iguana (D:5)
  5 worker ants
  A worker ant zombie (D:6)
  5 gnolls (D:5)
  4 adders
  An ooze (D:1)
  4 worms
  A dart slug (D:1)
  4 leopard geckos
  9 orcs
  5 bats
  9 giant cockroaches
  9 goblins
  7 hobgoblins
  13 jackals
  11 kobolds
  2 quokkas
  2 ball pythons
  A ball python skeleton (D:5)
  4 frilled lizards
  4 rats
123 creatures vanquished.

Vanquished Creatures (others)
  An orc (D:6)
  3 jackals (D:6)
  A plant (D:6)
5 creatures vanquished.

Grand Total: 128 creatures vanquished

Notes
Turn   | Place    | Note
-------+----------+-------------------------------------------
     0 | D:1      | LairdRich the Minotaur Berserker began the quest for the
                  | Orb.
     0 | D:1      | Reached XP level 1. HP: 19/19 MP: 0/0
   207 | D:1      | Reached XP level 2. HP: 26/27 MP: 1/1
  1283 | D:2      | Found a snail-covered altar of Cheibriados.
  1283 | D:2      | Found a glowing golden altar of the Shining One.
  1301 | D:2      | Reached XP level 3. HP: 33/33 MP: 2/2
  1705 | D:2      | Reached ** piety under Trog
  1752 | D:2      | Reached XP level 4. HP: 33/40 MP: 3/3
  2313 | D:3      | Noticed an ogre
  2321 | D:3      | Killed an ogre
  2321 | D:3      | Reached skill level 1 in Shields
  2321 | D:3      | Reached XP level 5. HP: 47/47 MP: 4/4
  2940 | D:3      | Found an opulent altar of Gozag.
  3228 | D:4      | Found a staircase to the Ecumenical Temple.
  3313 | D:4      | Reached XP level 6. HP: 52/55 MP: 5/5
  3343 | D:4      | Noticed Sigmund
  3356 | D:4      | Killed Sigmund
  3356 | D:4      | Reached skill level 5 in Fighting
  3356 | D:4      | Reached skill level 5 in Axes
  3794 | D:5      | Entered Level 5 of the Dungeon
  3900 | D:5      | Reached XP level 7. HP: 61/61 MP: 6/6
  4039 | D:5      | Reached skill level 5 in Armour
  4043 | D:5      | Reached *** piety under Trog
  4340 | D:5      | Found a bloodstained altar of Trog.
  4512 | D:5      | Reached skill level 5 in Dodging
  4783 | D:5      | Found an iron altar of Okawaru.
  4893 | D:5      | Reached XP level 8. HP: 70/70 MP: 7/7
  5175 | D:6      | Got a steaming mace
  5193 | D:6      | Reached skill level 5 in Shields
  5245 | D:6      | Found a blossoming altar of Fedhas.
  5792 | D:6      | Killed from afar by an electric eel

Levels and vault maps discovered:
D:1:      dpeg_arrival_short_road, layout_basic
D:2:      layout_rooms, chequers_temple_overflow_statue_of_worship,
          chequers_serial_rivers_micro_b, minmay_between
D:3:      layout_loops_ring, lemuel_round_altar, nrook_campfire,
          roderic_serpentine_path, chequers_serial_rivers_small_a,
          minmay_close_crescents
D:4:      layout_basic, minmay_temple_entry_arrows, first_ration, uniq_sigmund
D:5:      layout_loops_cross, marbit_many_paths, basic_altar,
          chequers_serial_rivers_micro_a
D:6:      layout_basic, palyth_temple_overflow_mages, fedhas_altar_2,
          serial_bayou, serial_bayou_pond_e, serial_bayou_lake_a,
          serial_bayou_crossing, serial_bayou_pond_b

Skill      XL: |  1  2  3  4  5  6  7  8 |
---------------+-------------------------+-----
Fighting       | 4 5 6 |  6.9
Axes           | 4 5 6 |  6.9
Armour         | 3 4 5 6 |  6.4
Dodging        | 3 4 5 |  5.0
Shields        | 1 2 3 4 5 |  5.4

Action                   |  1- 3 |  4- 6 |  7- 9 || total
-------------------------+-------+-------+-------++-------
Melee: Hand axe          |    72 |   167 |     9 ||   248
       Headbutt          |     8 |    32 |    26 ||    66
       War axe           |       |       |   185 ||   185
Throw: Javelin           |       |       |     8 ||     8
Invok: Berserk           |       |     2 |       ||     2
       Trog's Hand       |       |     2 |       ||     2
  Use: Scroll            |       |     9 |       ||     9
  Eat: Chunk             |     1 |     6 |     2 ||     9
       Ration            |     1 |       |     2 ||     3
Armor: Animal skin       |     6 |       |       ||     6
       Leather armour    |     5 |       |       ||     5
       Scale mail        |       |    12 |       ||    12
       Chain mail        |       |    53 |    72 ||   125
Dodge: Dodged            |    32 |    29 |    41 ||   102
Block: Large shield      |    13 |   106 |   146 ||   265

Table legend:
 A = Non-vault XP
 B = Vault XP
 C = Vault XP percentage of total XP
 D = Non-vault monster count
 E = Vault monster count
 F = Vault count percentage of total count
                 A         B        C        D         E       F
            +---------+---------+-------+---------+---------+-------
      Total |    1582 |     557 |  26.0 |     108 |      14 |  11.5
            +---------+---------+-------+---------+---------+-------
        D:1 |      40 |       0 |   0.0 |      19 |       0 |   0.0
        D:2 |      52 |      18 |  25.7 |      16 |       6 |  27.3
        D:3 |     162 |       4 |   2.4 |      25 |       2 |   7.4
        D:4 |     197 |     227 |  53.5 |      11 |       1 |   8.3
        D:5 |     701 |     308 |  30.5 |      31 |       5 |  13.9
        D:6 |     430 |       0 |   0.0 |       6 |       0 |   0.0
            +---------+---------+-------+---------+---------+-------
